| TOP OF THE 1ST |
|
Seattle Mariners batting - Pitching for New York Yankees : LHP Zach Purvis
|
|
Pitching: LHP Zach Purvis
|
|
|
Batting: SHB Nelson Powell
|
0-0: Called Strike 0-1: Ball 1-1: Ball 2-1: Foul Ball, location: 2F 2-2: Ball 3-2: Strikes out swinging
|
|
Batting: SHB Floyd-William Goof
|
0-0: Called Strike 0-1: Ball 1-1: Ball 2-1: SINGLE (Groundball, 6D, EV 108.1 MPH)
|
|
Batting: RHB Steve Bartman Jr.
|
0-0: Ball 1-0: Swinging Strike 1-1: Ball 2-1: Swinging Strike 2-2: Ground out 6-3 (Groundball, 6, EV 88.1 MPH) Floyd-William Goof to second
|
|
Batting: SHB Tze-meng Gan
|
0-0: Called Strike 0-1: Foul Ball, location: 2F 0-2: Strikes out looking
|
| Top of the 1st over - 0 runs, 1 hit, 0 errors, 1 left on base; Seattle 0 - New York 0 |
| BOTTOM OF THE 1ST |
|
New York Yankees batting - Pitching for Seattle Mariners : RHP Yuri Bijleveld
|
|
Pitching: RHP Yuri Bijleveld
|
|
|
Batting: LHB Jason Peck
|
0-0: Ball 1-0: Swinging Strike 1-1: Ball 2-1: Ball 3-1: SINGLE (Line Drive, 6MD, EV 98.1 MPH)
|
|
Batting: LHB Jordan de Jesus
|
0-0: Foul Ball, location: 2F 0-1: Ball 1-1: Ball 2-1: Fielders Choice at 2nd, 3-6 (Groundball, 34S, EV 88.8 MPH)
|
|
Batting: SHB Bartholomeu Chambino
|
0-0: Ball Jordan de Jesus is caught stealing 2nd base 2-6 1-0: Ball 2-0: SINGLE (Groundball, 5L, EV 103.8 MPH)
|
|
Batting: LHB Jim Skare
|
0-0: Ball 1-0: Fly out, F8 (Flyball, 8RM, EV 83.1 MPH)
|
| Bottom of the 1st over - 0 runs, 2 hits, 0 errors, 1 left on base; Seattle 0 - New York 0 |
| TOP OF THE 2ND |
|
Seattle Mariners batting - Pitching for New York Yankees : LHP Zach Purvis
|
|
Batting: LHB Bi-jun Chien
|
0-0: Ball 1-0: Called Strike 1-1: Ground out 6-3 (Groundball, 6, EV 83.8 MPH)
|
|
Batting: LHB Dae-ik Yoon
|
0-0: Ball 1-0: SINGLE (Groundball, 4MS, EV 61.3 MPH) (infield hit)
|
|
Batting: RHB Corey Ottinger
|
0-0: Ball 1-0: Called Strike 1-1: Ball 2-1: Ball 3-1: Base on Balls Dae-ik Yoon to second
|
|
Batting: LHB John Zumbo
|
0-0: Ball 1-0: Called Strike 1-1: Ball 2-1: Ball 3-1: Foul Ball, location: 2F 3-2: Reached on error, E6 (Groundball, 4M, EV 100.6 MPH) Dae-ik Yoon to third Corey Ottinger to second
|
|
Batting: LHB Jerrod Cluck
|
0-0: Grounds into double play, 6-4-3 (Groundball, 6, EV 90.6 MPH)
|
| Top of the 2nd over - 0 runs, 1 hit, 1 error, 2 left on base; Seattle 0 - New York 0 |
| BOTTOM OF THE 2ND |
|
New York Yankees batting - Pitching for Seattle Mariners : RHP Yuri Bijleveld
|
|
Batting: LHB David Bramble
|
0-0: Ball 1-0: SINGLE (Line Drive, 89S, EV 98.8 MPH)
|
|
Batting: RHB Sean Neuroth
|
0-0: Swinging Strike 0-1: Fly out, F7 (Flyball, 78M, EV 86.3 MPH)
|
|
Batting: RHB Sam Saunders
|
0-0: Grounds into double play, 6-4-3 (Groundball, 6, EV 83.8 MPH)
|
| Bottom of the 2nd over - 0 runs, 1 hit, 0 errors, 0 left on base; Seattle 0 - New York 0 |
| TOP OF THE 3RD |
|
Seattle Mariners batting - Pitching for New York Yankees : LHP Zach Purvis
|
|
Batting: SHB Nelson Powell
|
0-0: Ball 1-0: Swinging Strike 1-1: TRIPLE (Flyball, 78XD, EV 101.9 MPH)
|
|
Batting: SHB Floyd-William Goof
|
0-0: Ball 1-0: Ground out 6-3 (Groundball, 4MS, EV 82.5 MPH) Nelson Powell scores
|
|
Batting: RHB Steve Bartman Jr.
|
0-0: Foul Ball, location: 2F 0-1: Ball 1-1: Swinging Strike 1-2: Ball 2-2: SINGLE (Groundball, 25, EV 75.0 MPH) (infield hit)
|
|
Batting: SHB Tze-meng Gan
|
0-0: Ball Steve Bartman Jr. is caught stealing 2nd base 2-4 1-0: Swinging Strike 1-1: Fly out, F9 (Flyball, 9, EV 96.3 MPH)
|
| Top of the 3rd over - 1 run, 2 hits, 0 errors, 0 left on base; Seattle 1 - New York 0 |
| BOTTOM OF THE 3RD |
|
New York Yankees batting - Pitching for Seattle Mariners : RHP Yuri Bijleveld
|
|
Batting: LHB Brad Ritter
|
0-0: Called Strike 0-1: Foul Ball, location: 2F 0-2: Foul Ball, location: 2F 0-2: Strikes out looking
|
|
Batting: RHB Russ Shambaugh
|
0-0: Ball 1-0: Fly out, F9 (Flyball, 9S, EV 84.4 MPH)
|
|
Batting: LHB Jason Peck
|
0-0: Foul Ball, location: 2F 0-1: Ball 1-1: Ground out U3 (Groundball, 3, EV 103.1 MPH)
|
| Bottom of the 3rd over - 0 runs, 0 hits, 0 errors, 0 left on base; Seattle 1 - New York 0 |
| TOP OF THE 4TH |
|
Seattle Mariners batting - Pitching for New York Yankees : LHP Zach Purvis
|
|
Batting: LHB Bi-jun Chien
|
0-0: Called Strike 0-1: Ball 1-1: Swinging Strike 1-2: Ball 2-2: Foul Ball, location: 2F 2-2: Strikes out swinging
|
|
Batting: LHB Dae-ik Yoon
|
0-0: Foul Ball, location: 2F 0-1: Ball 1-1: Swinging Strike 1-2: Strikes out swinging
|
|
Batting: RHB Corey Ottinger
|
0-0: Ball 1-0: Ball 2-0: Fly out, F9 (Line Drive, 9, EV 89.4 MPH)
|
| Top of the 4th over - 0 runs, 0 hits, 0 errors, 0 left on base; Seattle 1 - New York 0 |
| BOTTOM OF THE 4TH |
|
New York Yankees batting - Pitching for Seattle Mariners : RHP Yuri Bijleveld
|
|
Batting: LHB Jordan de Jesus
|
0-0: Foul Ball, location: 2F 0-1: Foul Ball, location: 2F 0-2: Ball 1-2: Ground out 4-3 (Groundball, 4S, EV 79.4 MPH)
|
|
Batting: SHB Bartholomeu Chambino
|
0-0: Foul Ball, location: 2F 0-1: Foul Ball, location: 2F 0-2: Ball 1-2: Ball 2-2: Foul Ball, location: 2F 2-2: Ball 3-2: Ground out 5-3 (Groundball, 56, EV 88.8 MPH)
|
|
Batting: LHB Jim Skare
|
0-0: Ball 1-0: Ball 2-0: Fly out, F8 (Line Drive, 8RM, EV 90.6 MPH)
|
| Bottom of the 4th over - 0 runs, 0 hits, 0 errors, 0 left on base; Seattle 1 - New York 0 |
| TOP OF THE 5TH |
|
Seattle Mariners batting - Pitching for New York Yankees : LHP Zach Purvis
|
|
Pitching: RHP Jason Greene
|
|
|
Batting: LHB John Zumbo
|
0-0: Ball 1-0: Swinging Strike 1-1: Ball 2-1: Swinging Strike 2-2: SINGLE (Groundball, 6MS, EV 69.4 MPH) (infield hit)
|
|
Batting: LHB Jerrod Cluck
|
0-0: Called Strike 0-1: TRIPLE (Flyball, 78XD, EV 103.1 MPH) John Zumbo scores
|
|
Batting: SHB Nelson Powell
|
0-0: Called Strike 0-1: Ball 1-1: Swinging Strike 1-2: Ball 2-2: Ball 3-2: Ground out 4-3 (Groundball, 4, EV 100.6 MPH)
|
|
Batting: SHB Floyd-William Goof
|
0-0: Ball 1-0: Called Strike 1-1: Foul Ball, location: 2F 1-2: Foul Ball, location: 2F 1-2: Ball 2-2: Strikes out swinging
|
|
Batting: RHB Steve Bartman Jr.
|
0-0: Fly out, F5 (Flyball, 56D, EV 89.4 MPH)
|
| Top of the 5th over - 1 run, 2 hits, 0 errors, 1 left on base; Seattle 2 - New York 0 |
| BOTTOM OF THE 5TH |
|
New York Yankees batting - Pitching for Seattle Mariners : RHP Yuri Bijleveld
|
|
Pitching: RHP Mark Case
|
|
|
Batting: LHB David Bramble
|
0-0: Swinging Strike 0-1: Reached on error, E6 (Groundball, 4, EV 88.1 MPH)
|
|
Batting: RHB Sean Neuroth
|
0-0: Ball 1-0: Sac Bunt to 23 - play at first, batter OUT! 3-4 David Bramble to second
|
|
Pinch Hitting: LHB Alejandro Soriano
|
0-0: Called Strike 0-1: Called Strike 0-2: Ball 1-2: Ball 2-2: Ball 3-2: Strikes out swinging
|
|
Batting: LHB Brad Ritter
|
0-0: Swinging Strike 0-1: Ball 1-1: Foul Ball, location: 2F 1-2: Ground out 1-3 (Groundball, 13S, EV 64.4 MPH)
|
| Bottom of the 5th over - 0 runs, 0 hits, 1 error, 1 left on base; Seattle 2 - New York 0 |
| TOP OF THE 6TH |
|
Seattle Mariners batting - Pitching for New York Yankees : RHP Jason Greene
|
|
Now in RF: Alejandro Soriano
|
|
|
Batting: SHB Tze-meng Gan
|
0-0: Called Strike 0-1: Ball 1-1: SOLO HOME RUN (Flyball, 78XD, EV 116.3 MPH), Distance : 439 ft
|
|
Batting: LHB Bi-jun Chien
|
0-0: Foul Ball, location: 2F 0-1: Swinging Strike 0-2: Ball 1-2: SOLO HOME RUN (Line Drive, 9LD, EV 94.4 MPH), Distance : 348 ft
|
|
Pitching: RHP Martin Goyer
|
|
|
Batting: LHB Dae-ik Yoon
|
0-0: Ball 1-0: Called Strike 1-1: Ball 2-1: Foul Ball, location: 2F 2-2: Ball 3-2: Base on Balls
|
|
Batting: RHB Corey Ottinger
|
0-0: Called Strike 0-1: Ball 1-1: Swinging Strike 1-2: Strikes out swinging
|
|
Batting: LHB John Zumbo
|
0-0: Called Strike 0-1: Ball 1-1: Swinging Strike 1-2: Strikes out swinging
|
|
Batting: LHB Jerrod Cluck
|
0-0: Ball Dae-ik Yoon steals 2nd base 1-0: Intentional Walk
|
|
Batting: SHB Nelson Powell
|
0-0: Called Strike 0-1: Foul Ball, location: 2F 0-2: Ball 1-2: Strikes out looking
|
| Top of the 6th over - 2 runs, 2 hits, 0 errors, 2 left on base; Seattle 4 - New York 0 |
| BOTTOM OF THE 6TH |
|
New York Yankees batting - Pitching for Seattle Mariners : RHP Mark Case
|
|
Batting: RHB Russ Shambaugh
|
0-0: Foul Ball, location: 2F 0-1: SINGLE (Line Drive, 4M, EV 101.3 MPH)
|
|
Batting: LHB Jason Peck
|
0-0: Called Strike 0-1: Swinging Strike 0-2: Hit by Pitch Russ Shambaugh to second
|
|
Batting: LHB Jordan de Jesus
|
0-0: Foul Ball, location: 2F 0-1: Ball 1-1: SINGLE (Groundball, 34S, EV 69.4 MPH) (infield hit) Russ Shambaugh to third Jason Peck to second
|
|
Batting: SHB Bartholomeu Chambino
|
0-0: Ball 1-0: Called Strike 1-1: Called Strike 1-2: Foul Ball, location: 2F 1-2: Fly out, F9 (Line Drive, 9D, EV 108.1 MPH) Runner from 3rd tags up, SCORES, throw by RF Jason Peck to third
|
|
Batting: LHB Jim Skare
|
0-0: Called Strike 0-1: Ball 1-1: Ball 2-1: Ball 3-1: Foul Ball, location: 2F 3-2: Strikes out swinging
|
|
Batting: LHB David Bramble
|
0-0: Ball 1-0: Ground out 1-3 (Groundball, 13S, EV 72.5 MPH)
|
| Bottom of the 6th over - 1 run, 2 hits, 0 errors, 2 left on base; Seattle 4 - New York 1 |
| TOP OF THE 7TH |
|
Seattle Mariners batting - Pitching for New York Yankees : RHP Martin Goyer
|
|
Pinch Hitting: RHB Leon Alders
|
0-0: Called Strike 0-1: Foul Ball, location: 2F 0-2: Strikes out looking
|
|
Pinch Hitting: RHB Ivan Colon
|
0-0: Ball 1-0: Ball 2-0: Ground out 6-3 (Groundball, 56, EV 105.0 MPH)
|
|
Pinch Hitting: RHB Young-kwang Ohnn
|
0-0: Ball 1-0: Ball 2-0: Called Strike 2-1: Ground out 5-3 (Groundball, 56S, EV 90.6 MPH)
|
| Top of the 7th over - 0 runs, 0 hits, 0 errors, 0 left on base; Seattle 4 - New York 1 |
| BOTTOM OF THE 7TH |
|
New York Yankees batting - Pitching for Seattle Mariners : RHP Mark Case
|
|
Pitching: RHP David Sly
|
|
|
Now at 1B: Cliff Thomas
|
|
|
Now at 2B: Leon Alders
|
|
|
Now at SS: Ivan Colon
|
|
|
Batting: RHB Sean Neuroth
|
0-0: Ball 1-0: Fly out, F6 (Line Drive, 6, EV 72.5 MPH)
|
|
Pitching: LHP David Anaya
|
|
|
Pinch Hitting: RHB Kai Bellow
|
0-0: Ground out 5-3 (Groundball, 56, EV 108.1 MPH)
|
|
Batting: LHB Brad Ritter
|
0-0: Swinging Strike 0-1: Foul Ball, location: 2F 0-2: Strikes out swinging
|
| Bottom of the 7th over - 0 runs, 0 hits, 0 errors, 0 left on base; Seattle 4 - New York 1 |
| TOP OF THE 8TH |
|
Seattle Mariners batting - Pitching for New York Yankees : RHP Martin Goyer
|
|
Now in RF: Evan Torraville
|
|
|
Pinch Hitting: RHB Jonathan Rangel
|
0-0: Ball 1-0: Ground out 6-3 (Groundball, 56, EV 103.8 MPH)
|
|
Pinch Hitting: RHB Jose Vasquez
|
0-0: Called Strike 0-1: Swinging Strike 0-2: Strikes out looking
|
|
Batting: RHB Corey Ottinger
|
0-0: Called Strike 0-1: SINGLE (Line Drive, 56D, EV 98.8 MPH)
|
|
Batting: LHB John Zumbo
|
0-0: Ball 1-0: Ball 2-0: Ball 3-0: Base on Balls Corey Ottinger to second
|
|
Batting: LHB Jerrod Cluck
|
0-0: Swinging Strike 0-1: Called Strike 0-2: Foul Ball, location: 2F 0-2: Foul Ball, location: 2F 0-2: Foul Ball, location: 2F 0-2: Strikes out swinging
|
| Top of the 8th over - 0 runs, 1 hit, 0 errors, 2 left on base; Seattle 4 - New York 1 |
| BOTTOM OF THE 8TH |
|
New York Yankees batting - Pitching for Seattle Mariners : LHP David Anaya
|
|
Now in LF: Jerrod Cluck
|
|
|
Now in CF: Jose Vasquez
|
|
|
Now in RF: Jonathan Rangel
|
|
|
Batting: RHB Russ Shambaugh
|
0-0: Ball 1-0: Ball 2-0: Called Strike 2-1: Foul Ball, location: 2F 2-2: Foul Ball, location: 2F 2-2: Strikes out swinging
|
|
Pinch Hitting: RHB C.J. Richerson
|
0-0: Ball 1-0: Ball 2-0: DOUBLE (Flyball, 78XD, EV 95.0 MPH)
|
|
Batting: LHB Jordan de Jesus
|
0-0: Ball 1-0: Ground out 4-3 (Groundball, 4, EV 88.1 MPH) C.J. Richerson to third
|
|
Pinch Hitting: RHB Scott King
|
0-0: Called Strike 0-1: Ball 1-1: Foul Ball, location: 2F 1-2: Ball 2-2: Strikes out swinging
|
| Bottom of the 8th over - 0 runs, 1 hit, 0 errors, 1 left on base; Seattle 4 - New York 1 |
| TOP OF THE 9TH |
|
Seattle Mariners batting - Pitching for New York Yankees : RHP Martin Goyer
|
|
Pitching: RHP Leo Kammerling
|
|
|
Now at 1B: Scott King
|
|
|
Now at 3B: Jordan de Jesus
|
|
|
Now at SS: C.J. Richerson
|
|
|
Batting: SHB Nelson Powell
|
0-0: Foul Ball, location: 2F 0-1: Foul Ball, location: 2F 0-2: Ball 1-2: Ball 2-2: Strikes out swinging
|
|
Batting: RHB Leon Alders
|
0-0: Called Strike 0-1: Ball 1-1: Ball 2-1: Ball 3-1: Foul Ball, location: 2F 3-2: Base on Balls
|
|
Batting: RHB Ivan Colon
|
0-0: Fly out, F8 (Line Drive, 8RXD, EV 105.0 MPH)
|
|
Batting: LHB Cliff Thomas
|
0-0: Ball Leon Alders steals 2nd base 1-0: Intentional Walk
|
|
Batting: RHB Jonathan Rangel
|
0-0: Fielders Choice at 2nd, 5-4 (Groundball, 56, EV 84.4 MPH)
|
| Top of the 9th over - 0 runs, 0 hits, 0 errors, 2 left on base; Seattle 4 - New York 1 |
| BOTTOM OF THE 9TH |
|
New York Yankees batting - Pitching for Seattle Mariners : LHP David Anaya
|
|
Pitching: LHP Curtis Young
|
|
|
Batting: RHB Geni Prawiranega
|
0-0: Ball 1-0: Swinging Strike 1-1: Foul Ball, location: 2F 1-2: SINGLE (Line Drive, 89M, EV 96.9 MPH)
|
|
Pitching: RHP William Cordero
|
|
|
Pinch Hitting: LHB Yao-pang Tien
|
0-0: Ball 1-0: Foul Ball, location: 2F 1-1: Ball 2-1: Fly out, F3 (Popup, 3F, EV 68.1 MPH)
|
|
Pinch Hitting: SHB Cristiano SerrĂ£o
|
0-0: Called Strike 0-1: Ball 1-1: Swinging Strike 1-2: Strikes out swinging
|
|
Batting: LHB Evan Torraville
|
0-0: Ball 1-0: Ball 2-0: Ball 3-0: Base on Balls Geni Prawiranega to second
|
|
Pinch Hitting: SHB Billy Durham
|
0-0: Called Strike 0-1: Ball 1-1: Ball 2-1: Fly out, F6 (Popup, 6D, EV 49.4 MPH)
|
| Bottom of the 9th over - 0 runs, 1 hit, 0 errors, 2 left on base; Seattle 4 - New York 1 |
|